Map: Apotheosis LE

Players

xOc

  • Race: Terran Terran
  • League: Master

Stalker - Winner!

  • Race: Protoss Protoss
  • League: Diamond

VOD

Have the link to the VOD?

Description

Time

  • Played on: Sept. 15, 2016, 8:37 p.m.
  • Length: 17:19
Show
View Real Time Build Order
Export as new Build Order

xOc Terran 

Build Orders: Reaper Expand, MMM Bio 

Get SALT Encoding   

  12  0:01  SCV  
  13  0:13  SCV  
  14  0:18  Supply Depot  
  14  0:25  SCV  
  15  0:40  SCV  
  15  0:41  Barracks  
  16  0:45  Refinery  
  16  0:52  SCV  
  17  1:04  SCV  
  18  1:17  SCV  
  19  1:29  Orbital Command  
  19  1:30  Reaper  
  20  1:41  Command Center  
  20  1:54  Refinery  
  20  1:55  SCV  
  21  2:02  Barracks Reactor  
  21  2:07  SCV  
  22  2:12  Supply Depot  
  22  2:19  SCV  
  23  2:29  Factory  
  23  2:33  SCV  
  24  2:44  Marine x2  
  24  2:50  SCV  
  26  3:02  SCV, Marine x2  
  29  3:10  Orbital Command, Barracks  
  28  3:16  Starport  
  28  3:20  Marine x2  
  30  3:29  SCV  
  31  3:34  Widow Mine  
  31  3:36  SCV  
  31  3:39  Marine x2  
  36  3:41  SCV  
  36  3:44  Supply Depot  
  37  3:48  SCV  
  37  3:52  Medivac  
  37  3:53  SCV  
  41  3:59  Barracks Tech Lab  
  41  4:01  SCV  
  42  4:03  Marine x2  
  42  4:05  SCV  
  42  4:06  Widow Mine  
  47  4:13  SCV  
  47  4:15  Supply Depot  
  48  4:18  Marine, Stimpack  
  48  4:21  Marine x2  
  48  4:22  SCV  
  52  4:36  SCV x2  
  54  4:38  Supply Depot  
  54  4:43  Factory Reactor  
  54  4:44  Medivac  
  54  4:45  Barracks x2  
  56  4:48  SCV  
  56  4:52  Engineering Bay  
  57  4:56  SCV  
  53  5:00  SCV  
  52  5:08  SCV  
  52  5:11  Marine x3  
  52  5:12  SCV  
  57  5:29  Liberator x2  
  56  5:44  Barracks Reactor  
  56  5:45  Barracks Tech Lab  
  56  5:47  SCV x2  
  56  5:49  Terran Infantry Weapons Level 1  
  64  5:50  Refinery  
  62  6:05  Command Center  
  61  6:13  Marauder x2, Marine x2  
  61  6:14  SCV x2  
  69  6:20  Refinery  
  69  6:22  Marine  
  70  6:26  Supply Depot  
  70  6:28  Supply Depot  
  70  6:38  Marine, SCV  
  70  6:39  SCV  
  70  6:41  Marauder  
  70  6:42  Missile Turret  
  69  6:48  Medivac x2  
  69  6:51  SCV  
  74  7:00  Marine x2  
  78  7:01  Marauder  
  78  7:03  Marauder  
  78  7:05  SCV x2  
  82  7:14  Combat Shields  
  82  7:17  SCV x2  
  84  7:24  Orbital Command  
  84  7:29  Liberator x2  
  84  7:43  Marine  
  79  7:44  Marine x3  
  79  7:45  Marauder x2  
  79  7:47  SCV x2  
  94  7:53  Fusion Core, Starport  
  94  7:55  SCV  
  95  7:59  SCV x2  
  69  8:36  Marine x3  
  69  8:37  Marauder x2, Marine  
  69  8:38  Medivac x2, Starport Tech Lab  
  69  8:39  SCV x3  
  80  8:45  Terran Infantry Armor Level 1  
  78  8:50  Barracks  
  78  8:51  Barracks, SCV x3  
  78  8:54  Command Center, Marine x2  
  83  8:58  Marauder  
  83  8:59  Marauder  
  83  9:00  Marine x2  
  88  9:03  SCV x3  
  90  9:12  Marine x2  
  90  9:14  Missile Turret  
  90  9:15  SCV  
  93  9:18  Marine x2  
  93  9:20  Marauder x2  
  90  9:30  Marine x2  
  88  9:36  Marine  
  88  9:38  Marine  
  86  9:39  Liberator x3  
  86  9:40  Barracks Reactor x2  
  86  9:41  Marauder x2  
  88  9:48  Marine x2  
  90  9:53  SCV  
  90  9:58  Marine  
  101  10:03  Refinery  
  101  10:05  SCV x2, Marine  
  101  10:06  Marauder x2  
  108  10:08  Planetary Fortress  
  108  10:12  Marine x2  
  110  10:17  Marine  
  110  10:18  Refinery  
  111  10:24  Armory  
  111  10:25  SCV x2  
  111  10:26  Engineering Bay  
  111  10:27  Marauder  
  115  10:30  Advanced Ballistics  
  115  10:32  Marine  
  116  10:48  Supply Depot  
  116  10:49  Supply Depot  
  116  10:59  Liberator  
  116  11:00  SCV  
  116  11:10  Marine x2  
  116  11:11  Marauder x2, SCV  
  117  11:15  Marine  
  117  11:16  Marine x2  
  117  11:17  Marine x2  
  117  11:18  Marine, SCV  
  106  11:28  Marine x2  
  106  11:32  Marauder x2  
  104  11:33  Marine  
  104  11:34  Marine x2  
  104  11:35  Marine x2  
  104  11:36  Marine  
  104  11:38  Terran Infantry Weapons Level 2, Terran Infantry Armor Level 2  
  108  11:46  Marine x2  
  106  11:48  Liberator x2  
  106  11:50  Marine  
  106  11:52  Marine  
  106  11:54  Marauder x2, Marine x3  
  115  12:06  Marine x2  
  123  12:10  Supply Depot  
  123  12:11  Supply Depot  
  123  12:14  Marine x4  
  123  12:15  Marauder x2, Marine  
  132  12:16  Marine  
  133  12:32  Marine  
  133  12:36  Marauder x2  
  138  12:46  Marine x2  
  138  12:47  Marine x5  
  138  12:49  Marine  
  146  12:54  Viking  
  148  13:01  Viking  
  148  13:03  Viking  
  148  13:04  Marine  
  148  13:05  Marauder x2  
  149  13:09  Liberator  
  113  13:13  Liberator  
  113  13:15  Liberator  
  113  13:18  Marine  
  113  13:19  Marine x2  
  99  13:26  Marauder  
  107  13:27  Marauder  
  113  13:43  Marine  
  113  13:44  Marine x3  
  113  13:47  Marine, Marauder  
  113  13:48  Marauder, Marine  
  123  13:50  Marine x2  
  123  13:53  Orbital Command  
  123  13:54  Barracks  
  125  14:01  Marine  
  125  14:02  Marine x2  
  128  14:09  Marauder  
  132  14:10  Marauder  
  132  14:13  Marine x2  
  134  14:20  Marine  
  135  14:30  Marauder  
  135  14:31  Marauder  
  123  14:39  Orbital Command  
  123  14:45  Marine x3  
  107  14:46  Marine x3  
  107  14:51  Medivac x2  
  107  14:52  Marauder x2  
  121  15:10  Marine x5  
  121  15:11  Marine  
  121  15:13  Marauder  
  121  15:14  Marauder  
  131  15:18  Liberator x3  
  131  15:20  Command Center  
  131  15:22  Marine x2  
  133  15:34  Marauder  
  144  15:51  Marine x5  
  149  16:01  Liberator  
  149  16:05  Marine  
  149  16:06  Marauder, Marine x2  
  149  16:07  Marauder  
  149  16:08  Marine  
  143  16:13  Marine x3  
  141  16:19  Marine  
  141  16:23  Marine  
  146  16:27  Marauder  
  146  16:32  Marauder  
  107  16:47  Marine  
  107  16:49  Marine, Marauder  
  107  16:51  Marine x3  
  107  16:54  Marauder  
Show
View Real Time Build Order
Export as new Build Order

Stalker Protoss - Winner!

Build Orders: 1 Gate Expand, Oracle Opening 

Get SALT Encoding   

  12  0:01  Probe (Chrono Boost)  
  13  0:12  Probe (Chrono Boost)  
  14  0:17  Pylon  
  14  0:22  Probe (Chrono Boost)  
  15  0:36  Probe (Chrono Boost)  
  15  0:38  Gateway  
  16  0:46  Probe (Chrono Boost)  
  16  0:49  Assimilator  
  18  0:57  Probe (Chrono Boost)  
  18  1:07  Probe (Chrono Boost)  
  20  1:25  Nexus  
  19  1:28  Probe (Chrono Boost)  
  20  1:39  Cybernetics Core  
  20  1:42  Probe (Chrono Boost)  
  21  1:49  Assimilator  
  21  1:53  Probe (Chrono Boost)  
  22  1:59  Pylon  
  22  2:06  Probe (Chrono Boost)  
  23  2:15  Adept  
  23  2:18  Probe (Chrono Boost)  
  23  2:19  Warp Gate  
  27  2:31  Probe (Chrono Boost)  
  27  2:38  Adept  
  27  2:40  Pylon  
  27  2:43  Probe x2 (Chrono Boost)  
  30  2:53  Probe (Chrono Boost)  
  30  2:55  Probe (Chrono Boost)  
  30  2:56  Stargate  
  32  3:04  Probe (Chrono Boost)  
  34  3:06  Probe (Chrono Boost)  
  34  3:13  Pylon  
  34  3:14  Probe (Chrono Boost), Adept  
  34  3:17  Probe (Chrono Boost)  
  38  3:25  Probe (Chrono Boost)  
  39  3:27  Probe (Chrono Boost)  
  40  3:35  Probe (Chrono Boost)  
  40  3:38  Probe (Chrono Boost)  
  42  3:42  Oracle  
  42  3:46  Nexus  
  45  3:51  Probe (Chrono Boost)  
  45  3:54  Pylon  
  46  3:56  Probe (Chrono Boost)  
  48  4:03  Pylon  
  48  4:06  Probe (Chrono Boost)  
  50  4:10  Mothership Core (Chrono Boost)  
  50  4:13  Assimilator  
  50  4:16  Assimilator  
  51  4:17  Probe (Chrono Boost)  
  51  4:19  Oracle  
  51  4:20  Gateway  
  51  4:29  Gateway  
  51  4:30  Probe (Chrono Boost)  
  55  4:31  Probe (Chrono Boost)  
  55  4:38  Gateway  
  56  4:42  Probe (Chrono Boost)  
  56  4:43  Probe (Chrono Boost)  
  58  4:47  Forge  
  58  4:52  Oracle  
  58  4:54  Probe x2 (Chrono Boost)  
  63  5:00  Probe (Chrono Boost)  
  63  5:04  Probe (Chrono Boost), Adept  
  68  5:08  Probe (Chrono Boost)  
  68  5:10  Probe (Chrono Boost)  
  69  5:15  Probe (Chrono Boost), Robotics Facility  
  69  5:16  Twilight Council  
  69  5:20  Protoss Ground Weapons Level 1, Probe (Chrono Boost)  
  71  5:28  Adept  
  73  5:39  Adept x2  
  78  5:43  Probe (Chrono Boost)  
  78  5:45  Probe (Chrono Boost)  
  78  5:47  Probe (Chrono Boost)  
  78  5:49  Photon Cannon  
  81  5:52  Pylon  
  81  5:57  Resonating Glaives  
  81  6:00  Probe (Chrono Boost), Phoenix  
  81  6:04  Observer  
  81  6:06  Assimilator  
  81  6:09  Assimilator  
  78  6:11  Stalker  
  78  6:12  Stalker x3  
  78  6:14  Probe (Chrono Boost)  
  78  6:16  Probe x2 (Chrono Boost)  
  78  6:18  Pylon  
  89  6:22  Pylon  
  89  6:25  Probe (Chrono Boost)  
  90  6:26  Pylon  
  90  6:27  Probe (Chrono Boost)  
  90  6:28  Probe (Chrono Boost)  
  90  6:29  Pylon  
  92  6:32  Phoenix  
  92  6:37  Pylon  
  94  6:47  Stalker  
  94  6:48  Stalker x3  
  99  6:58  Photon Cannon  
  99  7:05  Observer  
  99  7:08  Probe (Chrono Boost)  
  101  7:09  Phoenix  
  101  7:11  Gateway  
  105  7:15  Probe x2 (Chrono Boost)  
  105  7:16  Pylon  
  105  7:17  Gateway  
  105  7:20  Protoss Ground Weapons Level 2  
  105  7:25  Probe (Chrono Boost)  
  105  7:26  Probe (Chrono Boost)  
  107  7:31  Phoenix  
  109  7:40  Immortal  
  109  7:41  Stalker x2  
  109  7:42  Stalker  
  117  7:53  Pylon, Phoenix  
  117  7:58  Pylon  
  119  8:04  Stalker x2  
  119  8:05  Stalker x2  
  127  8:12  Pylon  
  125  8:17  Stalker  
  109  8:33  Stalker x5  
  115  8:34  Blink  
  115  8:42  Nexus  
  115  8:43  Pylon  
  115  8:45  Pylon  
  115  8:47  Pylon  
  115  8:49  Assimilator  
  115  8:51  Immortal  
  115  8:54  Assimilator  
  119  9:02  Pylon  
  119  9:04  Pylon  
  119  9:12  Adept x4  
  116  9:28  Phoenix  
  116  9:29  Probe (Chrono Boost)  
  116  9:30  Gateway, Probe (Chrono Boost)  
  114  9:32  Gateway x2  
  109  9:39  Probe x2 (Chrono Boost)  
  110  9:49  Stalker x3  
  116  9:56  Protoss Ground Armor Level 1  
  116  9:59  Robotics Bay  
  116  10:00  Phoenix  
  116  10:07  Sentry x3  
  120  10:13  Probe (Chrono Boost)  
  126  10:14  Probe (Chrono Boost), Photon Cannon  
  126  10:16  Probe (Chrono Boost)  
  126  10:18  Probe (Chrono Boost)  
  128  10:23  Probe (Chrono Boost)  
  128  10:26  Probe x2 (Chrono Boost)  
  128  10:28  Photon Cannon  
  131  10:36  Robotics Facility  
  131  10:41  Forge  
  131  10:48  Warp Prism  
  133  10:56  Adept x3  
  133  10:57  Adept x5  
  137  11:24  Stalker  
  137  11:25  Stalker x8  
  137  11:32  Colossus x2  
  131  11:49  Adept  
  131  11:50  Adept x5  
  131  11:52  Protoss Ground Armor Level 2  
  131  11:58  Extended Thermal Lance  
  131  12:05  Adept x3  
  137  12:20  Nexus  
  137  12:21  Sentry x3  
  137  12:22  Pylon  
  143  12:24  Colossus  
  143  12:27  Templar Archives  
  149  12:37  Stalker  
  149  12:38  Stalker  
  151  12:53  Stalker x3  
  157  13:01  Nexus  
  157  13:02  Pylon  
  151  13:12  Stalker x5  
  125  13:13  Stalker  
  125  13:14  Immortal  
  127  13:21  Psionic Storm  
  127  13:24  Immortal  
  127  13:28  Protoss Ground Weapons Level 3, Assimilator  
  127  13:31  Assimilator  
  131  13:38  High Templar x4  
  131  13:39  High Templar x3  
  131  13:41  Sentry x2  
  147  13:42  Archon x2  
  147  13:43  Archon  
  149  13:58  Colossus  
  149  14:05  Colossus  
  161  14:11  Pylon  
  161  14:12  Photon Cannon  
  160  14:20  Stalker x2  
  160  14:23  Pylon  
  160  14:24  Adept x2  
  160  14:26  Adept  
  164  14:34  Stalker x2  
  146  14:42  Adept  
  146  14:43  Adept  
  138  14:47  Probe x2 (Chrono Boost)  
  138  14:49  High Templar  
  138  14:50  High Templar x2  
  146  14:54  Probe x2 (Chrono Boost)  
  146  14:58  Colossus  
  146  14:59  Probe (Chrono Boost)  
  147  15:02  Pylon  
  153  15:11  Probe x3 (Chrono Boost)  
  156  15:18  Adept x2  
  156  15:20  Adept  
  162  15:21  High Templar  
  164  15:31  High Templar x3  
  164  15:32  Archon  
  164  15:35  Adept x2  
  174  15:42  Stargate  
  174  15:45  Adept x2  
  174  15:46  Adept  
  180  16:00  Fleet Beacon  
  180  16:01  Stargate  
  180  16:18  Adept x6, Pylon  
  186  16:19  Adept  
  194  16:30  Pylon x2  
  120  16:57  Adept  
  120  16:58  Adept x8  
Tags
 
Add a new tag
Caveats
  • Supply blocks, unpowered buildings, or Contaminate may cause inaccurate times.
  • Supply counts are checked every 10 seconds.